[Event "45th FIDE Olympiad 2024"]
[Site "Budapest"]
[Date "2024.09.16"]
[Round "6.147"]
[White "Ulhaq, Zacky Dhia"]
[Black "Lahdelma, Henri"]
[Result "1/2-1/2"]
[WhiteElo "2203"]
[BlackElo "2331"]
[PlyCount "98"]
[EventDate "2024.09.05"]
[EventType "team-tourn"]
[EventCountry "HUN"]
[WhiteTeam "Indonesia"]
[BlackTeam "Finland"]
[WhiteTeamCountry "INA"]
[BlackTeamCountry "FIN"]
[TimeControl "40/5400+30:1800+30"]

1. d4 d5 2. c4 dxc4 3. e3 e5 4. Bxc4 exd4 5. exd4 Bd6 6. Nf3 Nf6 7. Qe2+ Qe7 8. Qxe7+ Bxe7 9. O-O O-O 10. Nc3 Nbd7 11. Re1 Bd6 12. Nb5 Nb6 13. Nxd6 cxd6 14. Bd3 Nfd5 15. Bd2 h6 16. Rac1 a5 17. a3 Be6 18. Nh4 Rfd8 19. Rc2 Nd7 20. h3 Nb8 21. Bf5 Bxf5 22. Nxf5 Nc6 23. Re4 h5 24. Bg5 Rd7 25. Rce2 f6 26. Bh4 g6 27. Ne3 Nxe3 28. R2xe3 g5 29. d5 Ne5 30. f4 gxh4 31. fxe5 dxe5 32. Rb3 Kf7 33. Rxh4 a4 34. Rbb4 Kg6 35. Rxa4 Rxa4 36. Rxa4 Rxd5 37. Rb4 b5 38. Kf2 Kg5 39. Ke3 f5 40. h4+ Kf6 41. a4 bxa4 42. Rxa4 Rd6 43. Rb4 Ke6 44. g3 Rc6 45. Rb8 Rc2 46. Re8+ Kf6 47. Rf8+ Ke6 48. Re8+ Kf6 49. Rf8+ Ke6 1/2-1/2

[Event "45th FIDE Olympiad 2024"]
[Site "Budapest"]
[Date "2024.09.16"]
[Round "6.148"]
[White "Wartiovaara, Oliver"]
[Black "Mariano, Fabian Glen"]
[Result "1-0"]
[WhiteElo "2300"]
[BlackElo "2121"]
[PlyCount "107"]
[EventDate "2024.09.05"]
[EventType "team-tourn"]
[EventCountry "HUN"]
[WhiteTeam "Finland"]
[BlackTeam "Indonesia"]
[WhiteTeamCountry "FIN"]
[BlackTeamCountry "INA"]
[TimeControl "40/5400+30:1800+30"]

1. e4 e5 2. Nf3 Nc6 3. Bb5 a6 4. Ba4 Nf6 5. O-O b5 6. Bb3 Bc5 7. Nc3 d6 8. Nd5 h6 9. c3 Ba7 10. Nxf6+ Qxf6 11. Bd5 Bd7 12. a4 O-O 13. d4 Bb6 14. Be3 Rab8 15. Bxc6 Bxc6 16. a5 exd4 17. cxd4 Ba7 18. Qc2 Bb7 19. Qxc7 Rfc8 20. Qd7 Qe6 21. Qxe6 fxe6 22. e5 Bxf3 23. gxf3 dxe5 24. dxe5 Bxe3 25. fxe3 Rc5 26. f4 Rbc8 27. Rad1 Rc2 28. Rf2 Rxf2 29. Kxf2 Rc2+ 30. Kg3 Rxb2 31. Rd6 Kf7 32. Rxa6 Re2 33. Ra7+ Kf8 34. Rb7 Rxe3+ 35. Kg4 Ra3 36. Rxb5 Kf7 37. h4 Ra4 38. Rb7+ Kf8 39. Ra7 Ra3 40. h5 Kg8 41. a6 Kf8 42. Ra8+ Kf7 43. a7 Ra4 44. Kf3 Ra3+ 45. Ke2 Ra2+ 46. Kd3 Ra3+ 47. Kc4 Ra4+ 48. Kb5 Ra1 49. f5 exf5 50. e6+ Kxe6 51. Re8+ Kf6 52. a8=Q Rxa8 53. Rxa8 Kg5 54. Rg8 1-0

[Event "45th FIDE Olympiad 2024"]
[Site "Budapest"]
[Date "2024.09.16"]
[Round "6.149"]
[White "Maksimovic, Bojan"]
[Black "Sanchez Alvarez, Roberto Carlos"]
[Result "1-0"]
[WhiteElo "2503"]
[BlackElo "2376"]
[PlyCount "45"]
[EventDate "2024.09.05"]
[EventType "team-tourn"]
[EventCountry "HUN"]
[WhiteTeam "Bosnia & Herzegovina"]
[BlackTeam "Panama"]
[WhiteTeamCountry "BIH"]
[BlackTeamCountry "PAN"]
[TimeControl "40/5400+30:1800+30"]

1. d4 d5 2. Nf3 Nf6 3. c4 e6 4. e3 a6 5. Nbd2 b6 6. b3 Bb7 7. Bb2 Nbd7 8. Bd3 Be7 9. O-O O-O 10. Qe2 c5 11. Rad1 Qc7 12. cxd5 Nxd5 13. Rc1 Qb8 14. Nc4 Qa7 15. Nfe5 Nxe5 16. dxe5 Rad8 17. Nd6 Bxd6 18. exd6 Rxd6 19. Bxh7+ Kxh7 20. Qh5+ Kg8 21. Bxg7 Kxg7 22. Qg5+ Kh8 23. Rc4 1-0

[Event "45th FIDE Olympiad 2024"]
[Site "Budapest"]
[Date "2024.09.16"]
[Round "6.150"]
[White "Delgado Rosas, Alex Antonio"]
[Black "Stojanovic, Dalibor"]
[Result "0-1"]
[WhiteElo "2157"]
[BlackElo "2448"]
[PlyCount "142"]
[EventDate "2024.09.05"]
[EventType "team-tourn"]
[EventCountry "HUN"]
[WhiteTeam "Panama"]
[BlackTeam "Bosnia & Herzegovina"]
[WhiteTeamCountry "PAN"]
[BlackTeamCountry "BIH"]
[TimeControl "40/5400+30:1800+30"]

1. d4 Nf6 2. Bf4 d6 3. Nc3 Nbd7 4. Nf3 Nh5 5. Bc1 e5 6. e4 Nhf6 7. Bc4 h6 8. O-O Be7 9. dxe5 dxe5 10. Qe2 c6 11. a4 O-O 12. Rd1 Qc7 13. Nh4 Nb6 14. Bb3 a5 15. Ng6 Re8 16. Nxe7+ Qxe7 17. Be3 Nbd7 18. f3 Nc5 19. Qf2 Nxb3 20. cxb3 Qe6 21. Rd3 Nd7 22. Rad1 f6 23. Ne2 h5 24. Qh4 Qf7 25. g4 hxg4 26. Ng3 gxf3 27. Kf2 Nf8 28. Nh5 Ng6 29. Qg3 Nf4 30. Nxf4 exf4 31. Qxf4 Be6 32. Rd6 Qh5 33. h4 Bf7 34. Rg1 Bg6 35. Rd7 Rxe4 36. Rxg7+ Kxg7 37. Qxe4 Rf8 38. Bd4 Rf7 39. Qf4 Kh7 40. Bc3 Qc5+ 41. Qe3 Qd6 42. Qxf3 Re7 43. Re1 Qh2+ 44. Qg2 Qxh4+ 45. Qg3 Qxg3+ 46. Kxg3 Rf7 47. Rf1 Kg7 48. Bxa5 Bc2 49. Rf3 Kg6 50. Kf4 Re7 51. Rg3+ Kf7 52. Re3 Rxe3 53. Kxe3 Bxb3 54. Kf4 Ke6 55. Bc3 Bxa4 56. Bd4 Bb3 57. Bc3 f5 58. Bg7 c5 59. Bf8 b6 60. Bg7 Bc2 61. Ke3 Kd5 62. Bf6 Kc4 63. Be5 Kb3 64. Kd2 Be4 65. Kc1 b5 66. Kd2 b4 67. Kc1 c4 68. Kd2 Ka2 69. Ke3 c3 70. bxc3 b3 71. c4 Bb7 {0-} 0-1

[Event "45th FIDE Olympiad 2024"]
[Site "Budapest"]
[Date "2024.09.16"]
[Round "6.151"]
[White "Burovic, Rijad"]
[Black "Mendez Machado, Andre"]
[Result "0-1"]
[WhiteElo "2426"]
[BlackElo "2122"]
[PlyCount "102"]
[EventDate "2024.09.05"]
[EventType "team-tourn"]
[EventCountry "HUN"]
[WhiteTeam "Bosnia & Herzegovina"]
[BlackTeam "Panama"]
[WhiteTeamCountry "BIH"]
[BlackTeamCountry "PAN"]
[TimeControl "40/5400+30:1800+30"]

1. e4 e5 2. Nf3 Nc6 3. Bc4 Nf6 4. d3 Bc5 5. c3 d6 6. O-O a6 7. Nbd2 Ba7 8. Bb3 h6 9. Re1 Ng4 10. Re2 Bd7 11. Nf1 Qe7 12. h3 Nf6 13. Ne3 Bxe3 14. Rxe3 g5 15. Nh2 O-O-O 16. d4 Rdg8 17. d5 Nb8 18. Bc2 h5 19. c4 Ne8 20. Rc3 g4 21. Kh1 gxh3 22. g3 Bg4 23. Nxg4 Rxg4 24. Bd2 Rhg8 25. Rc1 h4 26. Be1 hxg3 27. fxg3 Qf6 28. Qe2 Qg5 29. Bb1 Nd7 30. Kh2 Kd8 31. b4 Nef6 32. c5 Ke7 33. Qf3 Qh5 34. cxd6+ cxd6 35. Bf2 b5 36. Re1 Rh8 37. Rf1 Qg6 38. Rc7 Nxe4 39. Qe3 Rd8 40. Be1 f5 41. Bd3 f4 42. Bxe4 Qxe4 43. Qxe4 fxg3+ 44. Bxg3 Rxe4 45. a3 Rg8 46. Rf3 Rh8 47. Ra7 Rd4 48. Rxa6 Rxd5 49. Be1 Rd1 50. Bf2 Rd2 51. Ra7 Ke6 {0-} 0-1

[Event "45th FIDE Olympiad 2024"]
[Site "Budapest"]
[Date "2024.09.16"]
[Round "6.152"]
[White "Baules Rodriguez, Jorge Luis"]
[Black "Culum, Sanjin"]
[Result "0-1"]
[WhiteElo "2271"]
[BlackElo "2409"]
[PlyCount "110"]
[EventDate "2024.09.05"]
[EventType "team-tourn"]
[EventCountry "HUN"]
[WhiteTeam "Panama"]
[BlackTeam "Bosnia & Herzegovina"]
[WhiteTeamCountry "PAN"]
[BlackTeamCountry "BIH"]
[TimeControl "40/5400+30:1800+30"]

1. e4 c5 2. Nf3 d6 3. d4 cxd4 4. Nxd4 Nf6 5. f3 e5 6. Nb3 d5 7. Bg5 d4 8. c3 Nc6 9. Bb5 h6 10. Bh4 Qb6 11. Bc4 Be7 12. Bf2 Qc7 13. cxd4 Nxd4 14. N1d2 Nc6 15. O-O O-O 16. Qe2 Nh5 17. g3 Bh3 18. Rfd1 Nf6 19. Rac1 Rfd8 20. Kh1 Bd7 21. Nf1 Rac8 22. Ne3 Qb8 23. a3 Bf8 24. Nd5 Nxd5 25. exd5 Ne7 26. Nc5 Nf5 27. b4 b6 28. Ne6 Re8 29. Nxf8 Kxf8 30. Qb2 Nd6 31. Ba6 Rxc1 32. Qxc1 Qd8 33. Qe3 Qf6 34. Kg1 e4 35. Be2 Nf5 36. Qf4 Qb2 37. fxe4 Qxe2 38. Re1 Qc4 39. exf5 Rxe1+ 40. Bxe1 Qxd5 41. f6 g5 42. Qb8+ Be8 43. Bf2 Qd1+ 44. Kg2 Qe2 45. h4 Kg8 46. hxg5 hxg5 47. Kg1 Kh7 48. Qxa7 Qd1+ 49. Kh2 Qd5 50. b5 Bxb5 51. Qxb6 Bc6 52. Qb1+ Kh6 53. Qf1 Qf3 54. Qh3+ Kg6 55. Kg1 g4 {0-} 0-1

[Event "45th FIDE Olympiad 2024"]
[Site "Budapest"]
[Date "2024.09.16"]
[Round "6.153"]
[White "Tissir, Mohamed"]
[Black "Bachmann, Axel"]
[Result "0-1"]
[WhiteElo "2355"]
[BlackElo "2560"]
[PlyCount "64"]
[EventDate "2024.09.05"]
[EventType "team-tourn"]
[EventCountry "HUN"]
[WhiteTeam "Morocco"]
[BlackTeam "Paraguay"]
[WhiteTeamCountry "MAR"]
[BlackTeamCountry "PAR"]
[TimeControl "40/5400+30:1800+30"]

1. e4 c5 2. Nf3 e6 3. d4 cxd4 4. Nxd4 Nc6 5. Nc3 Qc7 6. f4 a6 7. Nb3 b5 8. Bd3 Bb7 9. O-O d6 10. Qe2 Nf6 11. Bd2 g6 12. Rae1 Bg7 13. e5 dxe5 14. fxe5 Nd7 15. Nd5 exd5 16. e6 O-O 17. exf7+ Kh8 18. Bxg6 Qb6+ 19. Kh1 Nd4 20. Nxd4 Qxg6 21. Ne6 Rxf7 22. Rxf7 Qxf7 23. Ng5 Qf5 24. Rf1 Qg6 25. Qe7 Bc6 26. Nf7+ Kg8 27. Nd8 Ne5 28. Bb4 Qe8 29. Qxe8+ Bxe8 30. Ne6 Nc6 31. Bc3 d4 32. Bd2 Bg6 {0-} 0-1

[Event "45th FIDE Olympiad 2024"]
[Site "Budapest"]
[Date "2024.09.16"]
[Round "6.154"]
[White "Delgado Ramirez, Neuris"]
[Black "Elbilia, Jacques"]
[Result "1-0"]
[WhiteElo "2484"]
[BlackElo "2343"]
[PlyCount "79"]
[EventDate "2024.09.05"]
[EventType "team-tourn"]
[EventCountry "HUN"]
[WhiteTeam "Paraguay"]
[BlackTeam "Morocco"]
[WhiteTeamCountry "PAR"]
[BlackTeamCountry "MAR"]
[TimeControl "40/5400+30:1800+30"]

1. e4 e5 2. Nf3 Nc6 3. Bc4 Nf6 4. d3 Be7 5. Nc3 d6 6. a4 Be6 7. h3 Nd4 8. Be3 Nxf3+ 9. Qxf3 c6 10. Bxe6 fxe6 11. g4 O-O 12. Qg2 Qe8 13. Ne2 Nd7 14. g5 d5 15. Qg4 Bc5 16. Bxc5 Nxc5 17. f3 a5 18. h4 b5 19. axb5 cxb5 20. O-O b4 21. b3 dxe4 22. fxe4 Qc6 23. h5 Nd7 24. h6 g6 25. Kh1 Rxf1+ 26. Rxf1 Rf8 27. Ng3 Rxf1+ 28. Nxf1 Kf7 29. Ne3 Qc3 30. Qd1 Ke7 31. Nc4 Qd4 32. Kg2 Nc5 33. Qg1 a4 34. Qxd4 exd4 35. bxa4 b3 36. cxb3 Nxd3 37. Kf3 Nc5 38. Ne5 Nd7 39. Nxd7 Kxd7 40. e5 1-0

[Event "45th FIDE Olympiad 2024"]
[Site "Budapest"]
[Date "2024.09.16"]
[Round "6.155"]
[White "Ouakhir, Mehdi Pierre"]
[Black "Almiron, Antonio"]
[Result "0-1"]
[WhiteElo "2191"]
[BlackElo "2312"]
[PlyCount "62"]
[EventDate "2024.09.05"]
[EventType "team-tourn"]
[EventCountry "HUN"]
[WhiteTeam "Morocco"]
[BlackTeam "Paraguay"]
[WhiteTeamCountry "MAR"]
[BlackTeamCountry "PAR"]
[TimeControl "40/5400+30:1800+30"]

1. d4 Nf6 2. Bg5 d5 3. Nd2 c5 4. e3 Nc6 5. c3 cxd4 6. exd4 Bf5 7. Ngf3 e6 8. Qb3 Qc7 9. Bxf6 gxf6 10. Be2 Bh6 11. Nf1 O-O-O 12. Ng3 Bg6 13. a4 Na5 14. Qa2 Kb8 15. O-O Rc8 16. b4 Nc4 17. Qb3 Nd2 18. Nxd2 Bxd2 19. Ra3 Qxc3 20. Qxc3 Bxc3 21. b5 Bxd4 22. Bd3 Rc3 23. Rxc3 Bxc3 24. Rd1 Rc8 25. h4 Be5 26. h5 Bxd3 27. Rxd3 Rc1+ 28. Kh2 Ra1 29. Kh3 Rxa4 30. Ne2 f5 31. f4 Bxf4 {0-} 0-1

[Event "45th FIDE Olympiad 2024"]
[Site "Budapest"]
[Date "2024.09.16"]
[Round "6.156"]
[White "Latorre, Matias"]
[Black "Nait, Elasri Brahim"]
[Result "1/2-1/2"]
[WhiteElo "2264"]
[BlackElo "1994"]
[PlyCount "133"]
[EventDate "2024.09.05"]
[EventType "team-tourn"]
[EventCountry "HUN"]
[WhiteTeam "Paraguay"]
[BlackTeam "Morocco"]
[WhiteTeamCountry "PAR"]
[BlackTeamCountry "MAR"]
[TimeControl "40/5400+30:1800+30"]

1. d4 Nf6 2. Bf4 e6 3. Nf3 d5 4. e3 Nbd7 5. Bd3 c5 6. c3 Be7 7. Ne5 Nxe5 8. Bxe5 Qb6 9. Qc2 c4 10. Be2 Qc6 11. Nd2 O-O 12. O-O b5 13. Bxf6 Bxf6 14. e4 g6 15. Bf3 a5 16. Rfe1 Rb8 17. a3 Bg7 18. exd5 exd5 19. Nf1 Be6 20. Ne3 h5 21. g3 Rb6 22. Qe2 Rfb8 23. Qf1 b4 24. axb4 axb4 25. Qg2 Rd8 26. Ra5 Rb5 27. Rea1 Qb6 28. Ra6 Qb7 29. Qf1 Rb6 30. Ra7 Qc6 31. R7a5 Rb5 32. R5a4 Rdb8 33. b3 cxb3 34. c4 b2 35. Rd1 R5b6 36. Ra2 b3 37. Rxb2 Qa4 38. Nxd5 Bxd5 39. Bxd5 Qa3 40. Qe2 Qa5 41. Qd3 Qa6 42. h4 Rb4 43. Kg2 Qb6 44. Qe4 Qd6 45. Rd3 Kf8 46. Qf3 Qd7 47. Qd1 Bf6 48. Qd2 Kg7 49. Qf4 Qa7 50. Kh2 Qb6 51. Kg2 Qa7 52. Kh2 Qb6 53. c5 Qd8 54. Rdxb3 Rxb3 55. Rxb3 Rxb3 56. Bxb3 Qxd4 57. Qxd4 Bxd4 58. c6 Bb6 59. Kg2 f6 60. Kf3 f5 61. Ke2 Kf6 62. Kd3 Ke7 63. Bg8 Bxf2 64. Bh7 Bxg3 65. Bxg6 Bxh4 66. Bxf5 Bg3 67. Ke4 1/2-1/2

[Event "45th FIDE Olympiad 2024"]
[Site "Budapest"]
[Date "2024.09.16"]
[Round "6.157"]
[White "Ortega Amarelle, Mariano"]
[Black "Meier, Georg"]
[Result "0-1"]
[WhiteElo "2453"]
[BlackElo "2591"]
[PlyCount "136"]
[EventDate "2024.09.05"]
[EventType "team-tourn"]
[EventCountry "HUN"]
[WhiteTeam "Cape Verde"]
[BlackTeam "Uruguay"]
[BlackTeamCountry "URU"]
[TimeControl "40/5400+30:1800+30"]

1. d4 e6 2. Nf3 Nf6 3. c4 d5 4. Nc3 dxc4 5. e3 a6 6. a4 c5 7. Bxc4 Nc6 8. O-O Be7 9. dxc5 Qxd1 10. Rxd1 Bxc5 11. Be2 Bd7 12. Bd2 Ke7 13. a5 Bb4 14. Na4 Rhd8 15. Nb6 Rab8 16. Bxb4+ Nxb4 17. Ne5 Bc6 18. Bf3 Bxf3 19. gxf3 Nbd5 20. Nec4 Nxb6 21. Nxb6 Nd7 22. Nc4 Rbc8 23. b3 Nb8 24. f4 Rxd1+ 25. Rxd1 Rc5 26. Ra1 Rb5 27. Ra3 Nd7 28. Kg2 Nc5 29. Nd2 Kf6 30. Kf3 Kg6 31. h3 Kh5 32. Kg3 h6 33. Kg2 g5 34. fxg5 hxg5 35. Kg3 f6 36. f4 gxf4+ 37. exf4 Rb4 38. Kf3 Kh4 39. Ke3 Kxh3 40. Ra2 Nxb3 41. Ne4 f5 42. Nf2+ Kh4 43. Nd3 Re4+ 44. Kf3 Nd4+ 45. Kf2 Nc6 46. Kf3 Kh5 47. Rb2 Nxa5 48. Ne5 Kh6 49. Rb6 Kg7 50. Rxe6 Nc6 51. Rg6+ Kh7 52. Rf6 Nxe5+ 53. fxe5 Rxe5 54. Rf7+ Kg6 55. Rxb7 a5 56. Ra7 Rb5 57. Ra8 Rb3+ 58. Kf4 Rb4+ 59. Kf3 a4 60. Ke3 f4+ 61. Kf3 Kf5 62. Ra5+ Ke6 63. Kg4 Rc4 64. Kf3 Kd6 65. Ke2 Rd4 66. Rf5 Kc6 67. Ra5 Kb6 68. Ra8 Kb5 {0-} 0-1

[Event "45th FIDE Olympiad 2024"]
[Site "Budapest"]
[Date "2024.09.16"]
[Round "6.158"]
[White "Rodriguez Vila, Andres"]
[Black "Alho, Diogo"]
[Result "0-1"]
[WhiteElo "2417"]
[BlackElo "2192"]
[PlyCount "118"]
[EventDate "2024.09.05"]
[EventType "team-tourn"]
[EventCountry "HUN"]
[WhiteTeam "Uruguay"]
[BlackTeam "Cape Verde"]
[WhiteTeamCountry "URU"]
[TimeControl "40/5400+30:1800+30"]

1. e4 e6 2. Qe2 c5 3. Nf3 Nc6 4. g3 g6 5. Bg2 Bg7 6. c3 Nge7 7. h4 h6 8. Na3 d6 9. O-O e5 10. Nc4 O-O 11. a4 Be6 12. d3 Qd7 13. Bd2 Rad8 14. Rfe1 Bg4 15. Qf1 Be6 16. Ra3 a5 17. Nh2 d5 18. exd5 Nxd5 19. Nf3 Qc7 20. Bc1 Rfe8 21. Nfd2 Nde7 22. Rb3 Nc8 23. Bxc6 Qxc6 24. Rb5 b6 25. Nxe5 Bxe5 26. Rxe5 Nd6 27. Ne4 Nxe4 28. Rxe4 c4 29. Rbe5 cxd3 30. Qe1 h5 31. Bg5 Rd5 32. Rxd5 Qxd5 33. Rd4 Qf3 34. Qe3 Qd1+ 35. Kh2 Qf1 36. g4 Bd7 37. Qf3 Bxg4 38. Qg2 Qe2 39. Qg3 Bf3 40. Rd6 Qd1 41. Qg1 Re1 42. Bf6 Qxa4 43. Bd4 d2 44. Rxg6+ fxg6 45. Qxg6+ Kf8 46. Qd6+ Ke8 47. Qg6+ Kd7 48. Qf5+ Re6 49. Qf7+ Re7 50. Qf5+ Kc7 51. Qf4+ Kb7 52. Qxf3+ Qc6 53. Qd1 Re1 54. Qxd2 Rh1+ 55. Kg3 Rg1+ 56. Kf4 Rg4+ 57. Ke5 Re4+ 58. Kf5 Qe6+ 59. Kg5 Rg4+ {0-} 0-1

[Event "45th FIDE Olympiad 2024"]
[Site "Budapest"]
[Date "2024.09.16"]
[Round "6.159"]
[White "Vaz, Jose Carlos"]
[Black "Roselli Mailhe, Bernardo"]
[Result "0-1"]
[WhiteElo "1909"]
[BlackElo "2362"]
[PlyCount "116"]
[EventDate "2024.09.05"]
[EventType "team-tourn"]
[EventCountry "HUN"]
[WhiteTeam "Cape Verde"]
[BlackTeam "Uruguay"]
[BlackTeamCountry "URU"]
[TimeControl "40/5400+30:1800+30"]

1. e4 e6 2. d4 d5 3. exd5 exd5 4. Nf3 Nc6 5. c3 Bd6 6. Bd3 Nge7 7. O-O Bg4 8. Re1 Qd7 9. Bg5 f6 10. Bh4 O-O-O 11. Bg3 g5 12. Bxd6 Qxd6 13. Nbd2 Ng6 14. Qc2 Nce7 15. b4 Bd7 16. Rec1 Nf4 17. Bf1 g4 18. Nh4 Nfg6 19. Nxg6 hxg6 20. g3 Rh6 21. Bg2 Rdh8 22. Nf1 Bb5 23. Ne3 f5 24. c4 Bxc4 25. Nxc4 dxc4 26. Qxc4 f4 27. gxf4 Rxh2 28. Re1 Nf5 29. Re5 Nxd4 30. Rae1 Qd7 31. Re7 Nf3+ 32. Bxf3 gxf3 33. Re8+ Rxe8 34. Rxe8+ Qxe8 35. Kxh2 c6 36. Kg3 Kc7 37. Qd4 Qe7 38. a3 b6 39. Kxf3 Qd7 40. Qe5+ Kb7 41. Qe3 a5 42. Ke2 axb4 43. axb4 Ka6 44. Qe4 Qf5 45. Qc4+ Qb5 46. Kd3 c5 47. Kc3 Qxc4+ 48. Kxc4 cxb4 49. Kxb4 b5 50. Kb3 Ka5 51. Ka3 b4+ 52. Kb3 Kb5 53. Kc2 Kc4 54. Kb2 b3 55. Kb1 Kc3 56. Kc1 b2+ 57. Kb1 Kb3 58. f5 gxf5 {0-} 0-1

[Event "45th FIDE Olympiad 2024"]
[Site "Budapest"]
[Date "2024.09.16"]
[Round "6.160"]
[White "Coppola, Claudio"]
[Black "Barros, Luis"]
[Result "1-0"]
[WhiteElo "2286"]
[BlackElo "1814"]
[PlyCount "59"]
[EventDate "2024.09.05"]
[EventType "team-tourn"]
[EventCountry "HUN"]
[WhiteTeam "Uruguay"]
[BlackTeam "Cape Verde"]
[WhiteTeamCountry "URU"]
[TimeControl "40/5400+30:1800+30"]

1. d4 Nf6 2. Nc3 g6 3. e4 d6 4. f3 Nbd7 5. Be3 a6 6. Qd2 h5 7. O-O-O e5 8. dxe5 Nxe5 9. h3 Be6 10. f4 Nc4 11. Bxc4 Bxc4 12. f5 Qe7 13. Nf3 O-O-O 14. Qd4 d5 15. e5 Ng8 16. e6 Bh6 17. Rhe1 Bxe3+ 18. Rxe3 Nf6 19. Qa7 c5 20. Na4 Ne4 21. Nb6+ Kc7 22. Nxc4 dxc4 23. Rxd8 Rxd8 24. Rxe4 Qd6 25. Re1 Qf4+ 26. Kb1 Qe3 27. a3 Qf2 28. exf7 g5 29. Re7+ Kd6 30. Qxb7 1-0

[Event "45th FIDE Olympiad 2024"]
[Site "Budapest"]
[Date "2024.09.16"]
[Round "6.161"]
[White "Henderson De La Fuente, Lance"]
[Black "Almedina Ortiz, Edgardo J."]
[Result "1-0"]
[WhiteElo "2519"]
[BlackElo "2196"]
[PlyCount "71"]
[EventDate "2024.09.05"]
[EventType "team-tourn"]
[EventCountry "HUN"]
[WhiteTeam "Andorra"]
[BlackTeam "Puerto Rico"]
[WhiteTeamCountry "AND"]
[BlackTeamCountry "PUR"]
[TimeControl "40/5400+30:1800+30"]

1. d4 d5 2. Nf3 e6 3. c4 a6 4. Nbd2 Nf6 5. g3 c5 6. Bg2 cxd4 7. cxd5 d3 8. dxe6 Bxe6 9. O-O Nc6 10. Ng5 Nd4 11. exd3 Bg4 12. Ndf3 Bc5 13. Qe1+ Kf8 14. Nxd4 Bxd4 15. Be3 Qb6 16. Bxd4 Qxd4 17. Bxb7 Rb8 18. Bg2 Rxb2 19. Rc1 h6 20. Nf3 Qd6 21. Qe5 Qxe5 22. Nxe5 Be6 23. a4 Ke7 24. Rc6 Rc8 25. Rxa6 Rcc2 26. Nc6+ Kd7 27. Nd4 Rd2 28. Nxe6 fxe6 29. Ra7+ Kd6 30. Rxg7 Rxd3 31. Rg6 Nd7 32. Bh3 Nc5 33. Bxe6 Ke5 34. Re1+ Kd4 35. Rg4+ Kc3 36. Rc1+ 1-0

[Event "45th FIDE Olympiad 2024"]
[Site "Budapest"]
[Date "2024.09.16"]
[Round "6.162"]
[White "Rodriguez Santiago, Jaime"]
[Black "Fluvia Poyatos, Jordi"]
[Result "1-0"]
[WhiteElo "2002"]
[BlackElo "2438"]
[PlyCount "119"]
[EventDate "2024.09.05"]
[EventType "team-tourn"]
[EventCountry "HUN"]
[WhiteTeam "Puerto Rico"]
[BlackTeam "Andorra"]
[WhiteTeamCountry "PUR"]
[BlackTeamCountry "AND"]
[TimeControl "40/5400+30:1800+30"]

1. d4 d5 2. c4 e5 3. dxe5 d4 4. Nf3 Nc6 5. Nbd2 Nge7 6. Nb3 Nf5 7. g3 a5 8. Bg2 a4 9. Nbd2 h5 10. h3 Be7 11. O-O g5 12. Ne4 g4 13. hxg4 hxg4 14. Nh2 Nxe5 15. Qc2 Be6 16. Bf4 Ng6 17. Bd2 Ng7 18. b4 axb3 19. Qxb3 f5 20. Nc5 Bxc5 21. Qb5+ c6 22. Qxc5 f4 23. Rab1 Rh5 24. Qb4 Bc8 25. a4 Qg5 26. Qd6 Kf7 27. gxf4 Qc5 28. Qc7+ Qe7 29. Qxe7+ Kxe7 30. a5 Ne6 31. f5 Rxf5 32. Be4 Nc5 33. Bb4 Kd6 34. Rfd1 Nf4 35. Bxf5 Bxf5 36. Rb2 d3 37. exd3 Nfxd3 38. Rxd3+ Bxd3 39. Rd2 Ke6 40. Bxc5 Rxa5 41. Rxd3 Rxc5 42. Rd4 b5 43. cxb5 cxb5 44. Nxg4 Rc8 45. Kf1 Rb8 46. Ke2 b4 47. Kd2 b3 48. Kc1 Kf5 49. Kb2 Rb7 50. Ne3+ Ke5 51. Rd3 Ke4 52. Rxb3 Rd7 53. Kc2 Kf3 54. Nd1+ Ke4 55. Re3+ Kf4 56. Rd3 Ra7 57. Kd2 Ke4 58. Ke2 Ra2+ 59. Rd2 Ra3 60. Ne3 1-0

[Event "45th FIDE Olympiad 2024"]
[Site "Budapest"]
[Date "2024.09.16"]
[Round "6.163"]
[White "De La Riva Aguado, Oscar"]
[Black "Zilleruelo Irizarry, Diego"]
[Result "1-0"]
[WhiteElo "2431"]
[BlackElo "2041"]
[PlyCount "93"]
[EventDate "2024.09.05"]
[EventType "team-tourn"]
[EventCountry "HUN"]
[WhiteTeam "Andorra"]
[BlackTeam "Puerto Rico"]
[WhiteTeamCountry "AND"]
[BlackTeamCountry "PUR"]
[TimeControl "40/5400+30:1800+30"]

1. e4 c6 2. Nf3 d5 3. Nc3 dxe4 4. Nxe4 Nf6 5. Qe2 Na6 6. Nxf6+ gxf6 7. d4 h5 8. Be3 Qd5 9. Qd2 Bg4 10. Be2 e5 11. dxe5 Bxf3 12. Bxf3 Qxd2+ 13. Bxd2 fxe5 14. O-O-O O-O-O 15. Rhe1 f6 16. Re4 Bc5 17. Be1 Rxd1+ 18. Bxd1 h4 19. Bg4+ Kb8 20. Bh3 Bf8 21. Kd1 Nc5 22. Rg4 Ne6 23. Bd2 Be7 24. Rg6 Ng5 25. Bg4 Ne4 26. Be3 Nd6 27. f4 Nc4 28. Bc1 e4 29. b3 Nd6 30. Bb2 Rd8 31. Ke2 Nb5 32. Rg7 Bc5 33. Bxf6 Nd4+ 34. Kf1 Rf8 35. Be5+ Ka8 36. c3 Nb5 37. Rd7 a5 38. Bh3 e3 39. Ke2 a4 40. b4 Ba7 41. c4 Na3 42. Be6 Nc2 43. f5 Bb8 44. Bc3 Bxh2 45. f6 Nxb4 46. c5 Nxa2 47. Bxa2 1-0

[Event "45th FIDE Olympiad 2024"]
[Site "Budapest"]
[Date "2024.09.16"]
[Round "6.164"]
[White "Boggiano Pereira, Miguel A."]
[Black "Ribera Veganzones, Serni"]
[Result "0-1"]
[WhiteElo "2015"]
[BlackElo "2309"]
[PlyCount "46"]
[EventDate "2024.09.05"]
[EventType "team-tourn"]
[EventCountry "HUN"]
[WhiteTeam "Puerto Rico"]
[BlackTeam "Andorra"]
[WhiteTeamCountry "PUR"]
[BlackTeamCountry "AND"]
[TimeControl "40/5400+30:1800+30"]

1. d4 Nf6 2. c4 e6 3. Nf3 b6 4. g3 Bb7 5. Bg2 Bb4+ 6. Bd2 Be7 7. O-O O-O 8. Nc3 c6 9. d5 cxd5 10. Nh4 Ne4 11. cxd5 Nxd2 12. Qxd2 Bxh4 13. gxh4 e5 14. Qg5 d6 15. Rac1 Nd7 16. Nb5 Nf6 17. f4 h6 18. Qf5 Bxd5 19. Rfd1 Bxg2 20. Nxd6 Bd5 21. Qxe5 Qd7 22. Rd3 Qe6 23. Nb5 Bc4 {0-} 0-1

[Event "45th FIDE Olympiad 2024"]
[Site "Budapest"]
[Date "2024.09.16"]
[Round "6.165"]
[White "Lazov, Toni"]
[Black "Kao, Jamison Edrich"]
[Result "1-0"]
[WhiteElo "2360"]
[BlackElo "2125"]
[PlyCount "157"]
[EventDate "2024.09.05"]
[EventType "team-tourn"]
[EventCountry "HUN"]
[WhiteTeam "North Macedonia"]
[BlackTeam "Hong Kong, China"]
[TimeControl "40/5400+30:1800+30"]

1. e4 c5 2. Ne2 Nc6 3. Nbc3 Nf6 4. g3 h5 5. h3 d5 6. exd5 Nxd5 7. Bg2 Nxc3 8. bxc3 Bf5 9. d3 Qd7 10. c4 e5 11. Nc3 Be7 12. Be3 h4 13. g4 Bg6 14. Be4 f5 15. gxf5 Bxf5 16. Bxf5 Qxf5 17. Ne4 O-O-O 18. Qg4 Qxg4 19. hxg4 Nd4 20. Bxd4 cxd4 21. Ke2 g5 22. Rab1 Rh6 23. Rb5 Re6 24. Rhb1 Rd7 25. a4 b6 26. Rh1 a6 27. Rbb1 Rd8 28. Rb3 Rg8 29. Rhb1 Rgg6 30. Kf3 Kc7 31. Kg2 Rg8 32. Re1 Rf8 33. Rbb1 Rf4 34. f3 Rf8 35. Re2 Re8 36. Nd2 Kd7 37. Re4 Bf6 38. Nb3 Rc6 39. Rb2 Ree6 40. Re1 Be7 41. Nd2 Kc7 42. Ne4 Rg6 43. Rbb1 Rge6 44. Re2 Kd7 45. c3 Kc7 46. f4 gxf4 47. Kf3 dxc3 48. Nxc3 Kd7 49. Nd5 Bd8 50. Rbe1 Bf6 51. Ke4 Kd6 52. Kf5 Bg7 53. g5 Rc8 54. Kg4 f3 55. Kxf3 b5 56. axb5 axb5 57. Ne3 Rf8+ 58. Kg4 Rf4+ 59. Kh5 bxc4 60. Nxc4+ Kd5 61. Re4 h3 62. Ne3+ Kd6 63. Nc4+ Kd5 64. Ne3+ Kd6 65. Rxf4 exf4 66. Nf5+ Kd5 67. Rh1 Bf8 68. Rxh3 Re5 69. Kg4 Ke6 70. Nd4+ Kd5 71. Nf5 Ke6 72. Nd4+ Kd5 73. Rh8 Be7 74. Nf5 Bxg5 75. Kxg5 f3 76. Rh3 f2 77. Rf3 Re2 78. Kf4 Kc5 79. Ng3 1-0